 Dungeon Sprint DCSS version 0.26.1-11-gd32895ea62 (webtiles) character file.

Game seed: 4509467199472111040

12500000 Zeld the Conqueror (level 27, -1/273 HPs)
             Began as a Minotaur Monk on June 14, 2021.
             Was the Champion of Makhleb.
             Slain by a meat berserker
             ... wielding a +9 battleaxe
              (54 damage)
             ... in the Dungeon (Sprint VIII: "Arena of Blood").
             The game lasted 00:03:49 (125 turns).

Zeld the Conqueror (Minotaur Monk)                   Turns: 125, Time: 00:03:49

Health: -1/273     AC:  4    Str: 28    XL:     27
Magic:  39/53      EV: 31    Int:  7    God:    Makhleb [******]
Gold:   0          SH:  0    Dex: 14    Spells: 80/80 levels left

rFire    . . .     SeeInvis .   h - +∞ Axe of Woe
rCold    . . .     Faith    .   (shield currently unavailable)
rNeg     . . .     Spirit   .   a - +0 robe
rPois    .         Reflect  .   (helmet restricted)
rElec    .         Harm     .   (no cloak)
rCorr    .         Rampage  .   (no gloves)
Will     ++...     NoTele   +   (no boots)
Stlth    +++++++++.             (no amulet)
HPRegen  0.55/turn              (no ring)
MPRegen  0.33/turn              (no ring)

@: slowed, very slow
A: retaliatory headbutt, horns 2
a: Renounce Religion, Minor Destruction, Lesser Servant of Makhleb, Major
Destruction, Greater Servant of Makhleb


You were in the Dungeon.
You worshipped Makhleb.
Makhleb was exalted by your worship.
You visited 1 branch

Inventory:

Hand Weapons
 h - the +∞ Axe of Woe (weapon)
   (You found it in the Dungeon)
Armour
 a - a +0 robe (worn)
Scrolls
 g - a scroll of blinking
Potions
 b - a potion of curing
 d - a potion of haste
 e - 2 potions of magic
 f - a potion of berserk rage


   Skills:
 O Level 27 Fighting
 O Level 27 Short Blades
 O Level 27 Long Blades
 O Level 27 Axes
 O Level 27 Maces & Flails
 O Level 27 Polearms
 O Level 27 Staves
 O Level 27 Slings
 O Level 27 Bows
 O Level 27 Crossbows
 O Level 27 Throwing
 O Level 27 Armour
 O Level 27 Dodging
 O Level 27 Stealth
 O Level 27 Shields
 O Level 27 Unarmed Combat
 O Level 27 Spellcasting
 O Level 27 Conjurations
 O Level 27 Hexes
 O Level 27 Summonings
 O Level 27 Necromancy
 O Level 27 Translocations
 O Level 27 Transmutations
 O Level 27 Fire Magic
 O Level 27 Ice Magic
 O Level 27 Air Magic
 O Level 27 Earth Magic
 O Level 27 Poison Magic
 O Level 27 Invocations
 O Level 27 Evocations


You had 80 spell levels left.
You didn't know any spells.
Your spell library was empty.

Dungeon Overview and Level Annotations

Branches:
Dungeon (1/1)

Altars:
Makhleb


Innate Abilities, Weirdness & Mutations

You reflexively headbutt those who attack you in melee.
You have a pair of horns on your head.


Message History

The eight-headed meat hydra calls on the powers of darkness!
The eight-headed meat hydra convulses! x2; The meat berserker convulses!
The bag of meat convulses!
Your body is wracked with pain!
* * * LOW HITPOINT WARNING * * *
The fleshlord points at you and mumbles some strange words.
You barely resist.
You hear a shout! x3
Unknown command.
An eight-headed meat hydra comes into view.
You hear a shout! x8
The bag of meat is engulfed in blazing flames.
You hear a shout!
A bag of meat comes into view. It is wielding a +9 war axe.
You hear a shout!
The destroyer blinks!
The fleshlord gestures wildly while chanting.
The fleshlord seems to speed up.
The bag of meat is engulfed in blazing flames.
The meat berserker hits you with a +9 battleaxe!!!
You die...

#... ..# . #...
..# L ..###...
..###O.
....O.###......
.o...._......
#§§§).# .
#§)§)_# .
o...#OoO))#....
....Oop@O......
.p..W.###......
..###V..
..###.. . #...
..# . #.2. .D#
..... .). .. D.


You could see a destroyer, 2 fleshlords, a large bag of meat (inner flame), a
dread, 4 meat berserkers and 3 bags of meat.

Vanquished Creatures
  10 hell beasts (D)
  3 royal mummies (D)
  5 great orbs of eyes (D)
  3 wraiths (D)
  6 vampire knights (D)
  29 ogres (D)
  6 two-headed ogres (D)
  3 liches (D)
  A hydra (D)
  55 orcs (D)
  2 phantoms (D)
  8 skeletal warriors (D)
  A sea snake (D)
  4 large abominations (D)
  2 small abominations (D)
  20 crawling corpses (D)
158 creatures vanquished.

Vanquished Creatures (others)
  2 two-headed ogres (D)
  An orc (D)
  2 crawling corpses (D)
5 creatures vanquished.

Grand Total: 163 creatures vanquished

Notes
Turn   | Place    | Note
-------+----------+-------------------------------------------
     0 | D        | Found the +∞ Axe of Woe
     0 | D        | Zeld the Minotaur Monk began the quest for the Orb.
     0 | D        | Reached XP level 1. HP: 19/19 MP: 0/0
     4 | D        | Became a worshipper of Makhleb the Destroyer
     4 | D        | Reached * piety under Makhleb
     4 | D        | Reached ** piety under Makhleb
     5 | D        | Noticed a bag of meat
     7 | D        | Noticed a meat berserker
     9 | D        | Noticed a bag of meat
    10 | D        | Noticed a bag of meat
    12 | D        | Killed a bag of meat
    12 | D        | Killed a meat berserker
    12 | D        | Noticed a bag of meat
    13 | D        | Reached skill level 10 in Axes
    13 | D        | Reached XP level 2. HP: 61/61 MP: 1/1
    13 | D        | Reached XP level 3. HP: 68/68 MP: 2/2
    13 | D        | Reached XP level 4. HP: 77/77 MP: 3/3
    13 | D        | Reached XP level 5. HP: 84/84 MP: 4/4
    13 | D        | Reached XP level 6. HP: 92/92 MP: 5/5
    13 | D        | Reached XP level 7. HP: 100/100 MP: 6/6
    13 | D        | Reached XP level 8. HP: 107/107 MP: 7/7
    13 | D        | Reached XP level 9. HP: 115/115 MP: 8/8
    13 | D        | Reached XP level 10. HP: 124/124 MP: 9/9
    13 | D        | Reached XP level 11. HP: 130/130 MP: 10/10
    13 | D        | Reached XP level 12. HP: 139/139 MP: 11/11
    13 | D        | Reached XP level 13. HP: 146/146 MP: 12/12
    13 | D        | Noticed a bag of meat
    14 | D        | Noticed a bag of meat
    15 | D        | Noticed a bag of meat
    16 | D        | Killed a bag of meat
    16 | D        | Noticed a meat berserker
    17 | D        | Reached XP level 14. HP: 159/159 MP: 13/13
    17 | D        | Killed a bag of meat
    17 | D        | Reached *** piety under Makhleb
    17 | D        | Killed a bag of meat
    17 | D        | Noticed a meat berserker
    18 | D        | Reached XP level 15. HP: 172/172 MP: 14/14
    18 | D        | Noticed a meat berserker
    19 | D        | Reached skill level 27 in Fighting
    21 | D        | Noticed a large bag of meat
    21 | D        | Killed a meat berserker
    21 | D        | Reached **** piety under Makhleb
    21 | D        | Noticed a large bag of meat
    22 | D        | Reached skill level 27 in Dodging
    22 | D        | Reached skill level 27 in Unarmed Combat
    22 | D        | Reached XP level 16. HP: 137/183 MP: 15/15
    22 | D        | Killed a meat berserker
    22 | D        | Killed a meat berserker
    22 | D        | Reached ***** piety under Makhleb
    22 | D        | Noticed a large bag of meat
    22 | D        | Noticed a meat berserker
    23 | D        | Reached skill level 27 in Axes
    23 | D        | Reached XP level 17. HP: 191/191 MP: 16/16
    23 | D        | Killed a large bag of meat
    24 | D        | Reached skill level 27 in Stealth
    24 | D        | Reached XP level 18. HP: 194/200 MP: 17/17
    24 | D        | Noticed a destroyer
    26 | D        | Killed a large bag of meat
    26 | D        | Noticed a meat berserker
    27 | D        | Reached skill level 5 in Short Blades
    27 | D        | Reached skill level 5 in Slings
    27 | D        | Reached skill level 5 in Bows
    27 | D        | Reached skill level 5 in Crossbows
    27 | D        | Reached skill level 5 in Throwing
    27 | D        | Reached skill level 5 in Invocations
    27 | D        | Killed a destroyer
    28 | D        | Reached skill level 5 in Spellcasting
    28 | D        | Reached skill level 5 in Hexes
    28 | D        | Reached XP level 19. HP: 189/207 MP: 17/26
    28 | D        | Noticed a destroyer
    28 | D        | Killed a meat berserker
    28 | D        | Noticed a destroyer
    29 | D        | Reached skill level 10 in Long Blades
    29 | D        | Reached skill level 10 in Maces & Flails
    29 | D        | Reached skill level 10 in Polearms
    29 | D        | Reached skill level 10 in Staves
    29 | D        | Reached skill level 10 in Armour
    29 | D        | Reached skill level 10 in Shields
    29 | D        | Killed a large bag of meat
    30 | D        | Reached skill level 10 in Short Blades
    30 | D        | Reached skill level 10 in Slings
    30 | D        | Reached skill level 10 in Bows
    30 | D        | Reached skill level 10 in Crossbows
    30 | D        | Reached skill level 10 in Throwing
    30 | D        | Reached skill level 10 in Invocations
    30 | D        | Reached XP level 20. HP: 171/216 MP: 17/29
    30 | D        | Reached ****** piety under Makhleb
    30 | D        | Killed a destroyer
    31 | D        | Reached skill level 10 in Transmutations
    31 | D        | Reached skill level 10 in Earth Magic
    31 | D        | Reached skill level 10 in Evocations
    31 | D        | Reached XP level 21. HP: 208/224 MP: 17/32
    33 | D        | Reached skill level 15 in Long Blades
    33 | D        | Reached skill level 15 in Maces & Flails
    33 | D        | Reached skill level 15 in Polearms
    33 | D        | Reached skill level 15 in Staves
    33 | D        | Reached skill level 15 in Armour
    33 | D        | Reached skill level 15 in Shields
    33 | D        | Reached skill level 10 in Conjurations
    33 | D        | Reached skill level 10 in Summonings
    33 | D        | Reached skill level 10 in Necromancy
    33 | D        | Reached skill level 10 in Translocations
    33 | D        | Reached skill level 10 in Fire Magic
    33 | D        | Reached skill level 10 in Ice Magic
    33 | D        | Reached skill level 10 in Air Magic
    33 | D        | Reached skill level 10 in Poison Magic
    35 | D        | Reached skill level 10 in Spellcasting
    35 | D        | Reached skill level 10 in Hexes
    35 | D        | Reached XP level 22. HP: 215/233 MP: 18/35
    35 | D        | Killed a destroyer
    36 | D        | Reached skill level 15 in Short Blades
    36 | D        | Reached skill level 15 in Slings
    36 | D        | Reached skill level 15 in Bows
    36 | D        | Reached skill level 15 in Crossbows
    38 | D        | Reached skill level 15 in Throwing
    38 | D        | Reached skill level 15 in Invocations
    38 | D        | Reached XP level 23. HP: 226/240 MP: 18/37
    41 | D        | Noticed a large bag of meat
    42 | D        | Noticed an accursed
    44 | D        | Killed an accursed
    45 | D        | Reached skill level 15 in Evocations
    48 | D        | Noticed a tyrant
    48 | D        | Noticed a destroyer
    49 | D        | Noticed a large bag of meat
    49 | D        | Noticed a destroyer
    50 | D        | Killed a large bag of meat
    51 | D        | Reached XP level 24. HP: 79/249 MP: 21/38
    52 | D        | Killed a destroyer
    52 | D        | Noticed an accursed
    53 | D        | Reached XP level 25. HP: 219/257 MP: 22/39
    54 | D        | Killed a destroyer
    55 | D        | Reached skill level 15 in Conjurations
    55 | D        | Reached skill level 15 in Summonings
    55 | D        | Reached skill level 15 in Necromancy
    55 | D        | Reached skill level 15 in Translocations
    55 | D        | Reached skill level 15 in Fire Magic
    55 | D        | Reached skill level 15 in Ice Magic
    55 | D        | Reached skill level 15 in Air Magic
    55 | D        | Reached skill level 15 in Poison Magic
    56 | D        | Killed a tyrant
    57 | D        | Noticed a destroyer
    59 | D        | Reached skill level 15 in Spellcasting
    59 | D        | Reached skill level 15 in Hexes
    59 | D        | Reached XP level 26. HP: 252/266 MP: 23/41
    59 | D        | Noticed a dread
    61 | D        | Noticed a dread
    66 | D        | Reached XP level 27. HP: 137/273 MP: 24/42
    67 | D        | Killed a destroyer
    69 | D        | Killed a dread
    70 | D        | Noticed a tyrant
    71 | D        | Noticed a large bag of meat
    71 | D        | Noticed a tyrant
    71 | D        | Killed a large bag of meat
    73 | D        | Noticed a meat beast
    74 | D        | Noticed a meat beast
    74 | D        | Killed an accursed
    75 | D        | Noticed a meat beast
    76 | D        | Killed a meat beast
    77 | D        | Reached skill level 27 in Long Blades
    77 | D        | Reached skill level 27 in Maces & Flails
    77 | D        | Reached skill level 27 in Polearms
    77 | D        | Reached skill level 27 in Staves
    77 | D        | Reached skill level 27 in Armour
    77 | D        | Reached skill level 27 in Shields
    77 | D        | Killed a dread
    78 | D        | Noticed a meat beast
    78 | D        | Killed a large bag of meat
    78 | D        | Killed a meat beast
    78 | D        | Killed a meat beast
    78 | D        | Noticed a meat beast
    79 | D        | Reached skill level 27 in Short Blades
    79 | D        | Reached skill level 27 in Slings
    79 | D        | Reached skill level 27 in Bows
    79 | D        | Reached skill level 27 in Crossbows
    79 | D        | Reached skill level 27 in Throwing
    79 | D        | Reached skill level 27 in Invocations
    80 | D        | Reached skill level 27 in Evocations
    80 | D        | Noticed a meat beast
    81 | D        | Killed a meat beast
    81 | D        | Noticed a tyrant
    82 | D        | Reached skill level 27 in Earth Magic
    82 | D        | Killed a meat beast
    83 | D        | Reached skill level 27 in Transmutations
    83 | D        | Killed a tyrant
    83 | D        | Noticed a dread
    85 | D        | Killed a meat beast
    86 | D        | Reached skill level 27 in Spellcasting
    86 | D        | Reached skill level 27 in Conjurations
    86 | D        | Reached skill level 27 in Hexes
    86 | D        | Reached skill level 27 in Summonings
    86 | D        | Reached skill level 27 in Necromancy
    86 | D        | Reached skill level 27 in Translocations
    86 | D        | Reached skill level 27 in Fire Magic
    86 | D        | Reached skill level 27 in Ice Magic
    86 | D        | Reached skill level 27 in Air Magic
    86 | D        | Reached skill level 27 in Poison Magic
    86 | D        | Noticed a large bag of meat
    87 | D        | Noticed a meat beast
    87 | D        | Killed a large bag of meat
    90 | D        | Noticed a meat beast
    91 | D        | Killed a meat beast
    91 | D        | Killed a tyrant
    93 | D        | HP: 9/233 [dread/damnation (32)]
    95 | D        | Killed a meat beast
   101 | D        | Killed a dread
   106 | D        | Noticed an accursed
   107 | D        | Noticed a meat beast
   108 | D        | Noticed a large bag of meat
   108 | D        | Noticed a meat beast
   112 | D        | Killed a meat beast
   113 | D        | Killed an accursed
   114 | D        | Killed a meat beast
   116 | D        | Noticed a dread
   117 | D        | Killed a large bag of meat
   120 | D        | Noticed a fleshlord
   121 | D        | Noticed a destroyer
   122 | D        | Noticed a large bag of meat
   124 | D        | Noticed a fleshlord
   125 | D        | Slain by a meat berserker

Illustrated notes

Levels and vault maps discovered:
D:        meatsprint

Skill      XL: |  1  2  3  4  5  6  7  8  9 10 11 12 13 14 15 16 17 18 19 20 21 22 23 24 25 26 27 |
---------------+----------------------------------------------------------------------------------+-----
Fighting       | 22 24 26 27 | 27.0
Axes           | 10 11 12 19 27 | 27.0
Dodging        | 21 22 24 27 | 27.0
Stealth        | 7 8 9 11 23 27 | 27.0
Unarmed Combat | 21 22 24 27 | 27.0
Short Blades   | 8 10 12 14 16 18 19 21 23 27 | 27.0
Long Blades    | 9 11 13 16 17 20 21 23 24 27 | 27.0
Maces & Flails | 9 11 13 16 17 20 21 23 24 27 | 27.0
Polearms       | 9 11 13 16 17 20 21 23 24 27 | 27.0
Staves         | 9 11 13 16 17 20 21 23 24 27 | 27.0
Slings         | 8 10 12 14 16 18 19 21 23 27 | 27.0
Bows           | 8 10 12 14 16 18 19 21 23 27 | 27.0
Crossbows      | 8 10 12 14 16 18 19 21 23 27 | 27.0
Throwing       | 7 10 11 13 15 17 18 20 21 27 | 27.0
Armour         | 9 11 13 16 17 20 21 23 24 27 | 27.0
Shields        | 9 11 13 16 17 20 21 23 24 27 | 27.0
Spellcasting   | 5 7 8 10 11 12 13 15 16 27 | 27.0
Conjurations   | 6 7 9 11 12 13 14 16 17 27 | 27.0
Hexes          | 5 7 8 10 11 12 13 15 16 27 | 27.0
Summonings     | 6 7 9 11 12 13 14 16 17 27 | 27.0
Necromancy     | 6 7 9 11 12 13 14 16 17 27 | 27.0
Translocations | 6 7 9 11 12 13 14 16 17 27 | 27.0
Transmutations | 6 8 10 11 13 14 16 17 18 27 | 27.0
Fire Magic     | 6 7 9 11 12 13 14 16 17 27 | 27.0
Ice Magic      | 6 7 9 11 12 13 14 16 17 27 | 27.0
Air Magic      | 6 7 9 11 12 13 14 16 17 27 | 27.0
Earth Magic    | 6 8 10 11 13 14 16 17 18 27 | 27.0
Poison Magic   | 6 7 9 11 12 13 14 16 17 27 | 27.0
Invocations    | 7 10 11 13 15 17 18 20 21 27 | 27.0
Evocations     | 7 9 10 12 14 16 17 18 20 27 | 27.0

Action                   |  1- 3 |  4- 6 |  7- 9 | 10-12 | 13-15 | 16-18 | 19-21 | 22-24 | 25-27 || total
-------------------------+-------+-------+-------+-------+-------+-------+-------+-------+-------++-------
Melee: Executioner's axe |     1 |       |       |       |     4 |     5 |     7 |     7 |    59 ||    83
Invok: Greater Servant o |       |       |       |       |       |       |       |       |     2 ||     2
  Use: Potion            |       |       |       |       |       |       |       |       |     1 ||     1
Dodge: Dodged            |       |       |       |       |       |       |       |     1 |     6 ||     7
